 Dungeon Crawl Stone Soup version 0.21.1-1-g345015f (webtiles) character file.

478 Kairos the Shield-Bearer (level 7, -1/36 HPs)
             Began as a Vine Stalker Fighter on Apr 28, 2018.
             Slain by a sky beast (2 damage)
             ... on level 4 of the Dungeon.
             The game lasted 00:04:28 (3228 turns).

Kairos the Shield-Bearer (Vine Stalker Fighter)     Turns: 3228, Time: 00:04:29

Health: -1/36      AC:  6    Str: 20    XL:     7   Next: 11%
Magic:  0/8        EV:  8    Int:  8    God:
Gold:   178        SH: 12    Dex: 14    Spells: 6/6 levels left

rFire    . . .     SeeInvis .   a - +0 war axe
rCold    . . .     Gourm    .   c - +0 shield
rNeg     . . .     Faith    .   b - +0 scale mail
rPois    .         Spirit   +   (no helmet)
rElec    .         Reflect  +   (no cloak)
rCorr    +         Harm     .   (no gloves)
MR       .....                  (no boots)
Stlth    ..........             j - +2 amulet of reflection
HPRegen  0.52/turn              v - ring of resist corrosion
MPRegen  0.11/turn              (no ring)

@: no status effects
A: fangs 2, regeneration 1, magic shield, antimagic bite, no potion heal 3, rot
immunity
a: no special abilities


You were on level 4 of the Dungeon.
You were hungry.

You visited 2 branches of the dungeon, and saw 5 of its levels.

You collected 178 gold pieces.

Inventory:

Hand Weapons
 a - a +0 war axe (weapon)
Armour
 b - a +0 scale mail (worn)
 c - a +0 shield (worn)
Jewellery
 j - a +2 amulet of reflection (around neck)
 v - a ring of resist corrosion (left hand)
Wands
 n - a wand of paralysis (18)
 o - a wand of acid (17)
Scrolls
 g - 2 scrolls of amnesia {unknown}
 h - a scroll of remove curse {unknown}
 i - 5 scrolls of identify {unknown}
 r - 2 scrolls of fear {unknown}
 s - 2 scrolls of enchant armour {unknown}
 t - a scroll of magic mapping {unknown}
Potions
 d - 2 potions of might
 e - a potion of berserk rage {unknown}
 k - a potion of degeneration {unknown}
 l - 4 potions of curing {unknown}
 m - a potion of agility {unknown}
 p - a potion of flight {unknown}
 q - 2 potions of haste {unknown}
 u - a potion of ambrosia {unknown}
 w - a potion of brilliance {unknown}
Comestibles
 f - 5 rations


   Skills:
 + Level 3.6 Fighting
 + Level 4.3 Axes
 + Level 3.4 Armour
 + Level 1.1 Dodging
 + Level 4.3 Shields


You had 6 spell levels left.
You didn't know any spells.

Dungeon Overview and Level Annotations

Branches:
Dungeon (4/15)             Temple (1/1) D:4

Altars:
Ashenzari
Cheibriados
Dithmenos
Elyvilon
Fedhas
Gozag
Hepliaklqana
Kikubaaqudgha
Makhleb
Nemelex Xobeh
Ru
Sif Muna
Vehumet
Xom
Yredelemnul
Zin
The Shining One

Shops:
D:4 (


Innate Abilities, Weirdness & Mutations

You have extremely sharp teeth.
Your natural rate of healing is unusually fast.
When hurt, damage is shared between your health and your magic reserves.
Your bite disrupts and absorbs the magic of your enemies.
Potions cannot restore your health.
You are immune to rotting.


Message History

Reactivating autopickup.
The sky beast hits you.
* * * LOW HITPOINT WARNING * * *
The sky beast shocks you.
* * * LOW HITPOINT WARNING * * *
You closely miss the sky beast. You bite the sky beast. You drain its power.
You feel invigorated.
The sky beast is heavily wounded.
The sky beast hits you. The sky beast shocks you.
* * * LOW HITPOINT WARNING * * *
The sky beast barely misses you.
You slash the sky beast!
The sky beast is almost dead.
You block the sky beast's attack.
You barely miss the sky beast.
The sky beast is almost dead.
The sky beast hits you.
* * * LOW HITPOINT WARNING * * *
The sky beast shocks you.
You die...

.# #...##...........
.# ###.##...........
## #..#..##..##...
###.......##....
#.......##......
#####...##.##.......
#...#...>#........#.
#.....#############.
####.######..@###
##8## #.
.......<......Y.#
8...8##.
.#.######.......##.
.....##.
............#.#>...
....._#.
.#####.......<##...
.....##.
#.......####8..
8...8##. #.......#
##8 ##8## ##
.......... #########
...#########
#........


You could see a sky beast.

Vanquished Creatures
  A centaur skeleton (D:4)
  A hound (D:2)
  3 orc priests
  2 orc wizards (D:4)
  An iguana (D:3)
  4 worker ants (D:4)
  6 adders
  A worm (D:4)
  A dart slug (D:3)
  A leopard gecko (D:3)
  12 orcs
  A giant cockroach (D:2)
  14 goblins
  7 hobgoblins
  11 jackals
  2 quokkas
  6 bats
  5 frilled lizards
  5 kobolds
  9 rats
93 creatures vanquished.

Notes
Turn   | Place    | Note
-------+----------+-------------------------------------------
     0 | D:1      | Kairos the Vine Stalker Fighter began the quest for the Orb.
     0 | D:1      | Reached XP level 1. HP: 11/11 MP: 2/2
   169 | D:1      | Reached XP level 2. HP: 15/16 MP: 3/3
   595 | D:1      | Reached XP level 3. HP: 12/20 MP: 4/4
   864 | D:2      | Gained mutation: Your natural rate of healing is unusually fast. [Vine Stalker growth]
   864 | D:2      | Reached XP level 4. HP: 13/24 MP: 3/5
  1140 | D:2      | Reached XP level 5. HP: 28/28 MP: 6/6
  1704 | D:3      | Found a white marble altar of Elyvilon.
  1788 | D:3      | Reached XP level 6. HP: 23/32 MP: 4/7
  1829 | D:3      | Found a radiant altar of Vehumet.
  2059 | D:3      | Noticed an angel
  2060 | D:3      | Found a glowing silver altar of Zin.
  2791 | D:4      | Reached skill level 1 in Dodging
  2921 | D:4      | Found Wekhliuni's Antique Weapon Shop.
  2929 | D:4      | Reached XP level 7. HP: 32/36 MP: 8/8
  2975 | D:4      | Found a blossoming altar of Fedhas.
  3082 | D:4      | Found a staircase to the Ecumenical Temple.
  3102 | Temple   | Entered the Ecumenical Temple
  3178 | D:4      | Found a sacrificial altar of Ru.
  3226 | D:4      | HP: 1/36 [sky beast (2)]
  3228 | D:4      | Slain by a sky beast

Skill      XL: |  1  2  3  4  5  6 |
---------------+-------------------+-----
Fighting       | 3 |  3.6
Shields        | 3 4 |  4.3
Axes           | 2 3 4 |  4.3
Armour         | 3 |  3.4
Dodging        | 1 |  1.1

Action                   |  1- 3 |  4- 6 |  7- 9 || total
-------------------------+-------+-------+-------++-------
Melee: War axe           |    94 |   162 |    30 ||   286
       Bite              |    24 |    37 |     8 ||    69
  Eat: Chunk             |       |     4 |       ||     4
       Ration            |       |     1 |       ||     1
Armor: Scale mail        |    38 |    62 |     8 ||   108
Dodge: Dodged            |    38 |    54 |     4 ||    96
Block: Shield            |    76 |   107 |    15 ||   198
       Reflection        |       |       |     1 ||     1
